AoeStats
← 請給我黃金

Arabia

510039526Analyzed
1v1 RM · 3d ago on Sep 29, 2026· 32m 46s· 2 players
Game mode
Random Map
Map size
Tiny (2 player)
Population
200
Speed
Normal
Resources
Standard
Victory
Conquest
Starting age
Dark Age
Ending age
Imperial Age
RankedLock teamsTeams togetherTeam positionsShared explorationLock speedFull tech treeHidden civsTurbo modeCheats
Victory
Defeat
🇵🇪 Sicilians · Peru
1215
+16
🇭🇰 Cumans · Hong Kong SAR China
1217
-16
Yield
11:37 Feudal Age
10:21 Loom
11:47 Man-at-Arms
16:22 Castle Age
14:07 Horse Collar
14:26 Double-Bit Axe
14:58 Gold Mining
17:16 Bloodlines
18:12 Forging
18:40 Scale Barding Armor
25:37 Gold Shaft Mining
26:09 Bloodlines
27:18 Iron Casting
27:03 Gambesons
26:40 Long Swordsman
29:33 Chain Barding Armor
30:05 Scale Mail Armor
29:52 Arson
30:07 Squires
31:19 Chain Mail Armor
請給我黃金
4:42 Loom
10:46 Feudal Age
9:03 Loom
12:17 Horse Collar
12:23 Double-Bit Axe
23:40 Wheelbarrow
25:40 Castle Age
24:10 Forging
24:37 Scale Mail Armor
25:42 Pikeman
26:22 Squires
27:22 Stone Mining
27:46 Town Watch
31:51 Iron Casting
31:30 Bloodlines
32:03 Hand Cart
Connection lost

Rejoining the realm…

Still unreachable

The connection could not be restored.

Session expired

The server has moved on; the page needs a fresh start.